AoeStats
← [GDL] Maldito Pantoja

Nomad

510015352Analyzed
4v4 RM · 2d ago on Sep 29, 2026· 33m 17s· 8 players
Game mode
Random Map
Map size
231×231
Population
200
Speed
Normal
Resources
Standard
Victory
Conquest
Starting age
Dark Age
Ending age
Imperial Age
RankedLock teamsTeams togetherTeam positionsShared explorationLock speedFull tech treeHidden civsTurbo modeCheats
Victory
Defeat
🇨🇴 Saxons · Colombia
1628
+10
🇲🇽 Persians · Mexico
1445
+17
🇲🇽 Italians · Mexico
1214
+27
🇲🇽 Huns · Mexico
1161
+28
🇻🇳 Malians · Vietnam
1512
-22
🇦🇷 Dravidians · Argentina
1499
-21
🇲🇽 Spanish · Mexico
1451
-20
🇦🇷 Teutons · Argentina
1413
-19
BP | ham.io
4:12 Loom
14:30 Feudal Age
18:38 Castle Age
18:10 Horse Collar
20:52 Double-Bit Axe
28:28 Padded Archer Armor
LVDB_Curandero
5:30 Loom
12:08 Feudal Age
18:10 Castle Age
17:44 Double-Bit Axe
18:13 Horse Collar
19:36 Heavy Plow
19:49 Bow Saw
20:27 Town Watch
24:42 Sanctity
28:03 Fortified Wall
weaking
3:36 Loom
13:14 Feudal Age
13:44 Double-Bit Axe
21:31 Castle Age
19:19 Fishing Lines
20:25 Town Watch
22:42 Medium Warships
27:55 Bow Saw
43 Đoàn Quốc Hưng
10:19 Loom
13:24 Feudal Age
17:22 Castle Age
16:57 Double-Bit Axe
18:42 Bow Saw
18:36 Fishing Lines
20:57 Scale Mail Armor
22:27 Forging
24:46 Chain Mail Armor
27:01 Horse Collar
30:48 Imperial Age
29:31 Gold Mining
31:23 Gold Shaft Mining
30:42 Stone Mining
31:55 Wheelbarrow
[GDL] Maldito Pantoja
3:46 Loom
13:43 Feudal Age
18:41 Castle Age
16:46 Stone Mining
16:46 Gold Mining
16:46 Double-Bit Axe
17:36 Horse Collar
18:57 Gold Mining
22:31 Forging
25:37 Scale Barding Armor
28:52 Wheelbarrow
30:06 Bloodlines
29:56 Husbandry
32:16 Heavy Plow
32:30 Bow Saw
32:56 Gold Shaft Mining
33:12 Hand Cart
32:44 Town Watch
33:49 Bow Saw
[GDL] El Bromas
11:51 Loom
13:56 Feudal Age
15:18 Town Watch
18:38 Castle Age
17:02 Fletching
19:31 Bodkin Arrow
26:05 Padded Archer Armor
30:17 Leather Archer Armor
30:29 Ballistics
[GDL]Cucumber
5:19 Loom
13:32 Feudal Age
15:58 Double-Bit Axe
15:56 Horse Collar
19:37 Castle Age
17:59 Fletching
20:13 Bodkin Arrow
20:30 Medium Warships
22:53 Wheelbarrow
27:11 Imperial Age
25:13 Bow Saw
25:11 Scale Barding Armor
25:56 Forging
25:55 Gold Mining
27:04 Hand Cart
28:25 Bloodlines
28:36 Chain Barding Armor
28:38 Town Watch
33:11 Husbandry
[GDL] Capitan Nicky
3:54 Loom
15:03 Feudal Age
18:48 Castle Age
16:56 Double-Bit Axe
17:16 Gold Mining
17:45 Fishing Lines
18:46 Forging
18:33 Town Watch
19:51 Medium Warships
20:30 Iron Casting
21:01 Bow Saw
21:38 Scale Mail Armor
22:13 Gillnets
25:53 Wheelbarrow
26:16 Horse Collar
30:25 Squires
32:45 Heavy Plow
Connection lost

Rejoining the realm…

Still unreachable

The connection could not be restored.

Session expired

The server has moved on; the page needs a fresh start.